[Event "ICC tourney 3401 (40 10)"]
[Site "Internet Chess Club"]
[Date "2024.03.09"]
[Round "1"]
[White "LU, YIDING:gooodguy"]
[Black "KARTHIKEYAN, HARISHKUMAR:TheThinker15647"]
[Result "1-0"]
[ICCResult "Black checkmated"]
[WhiteElo "2171"]
[BlackElo "1922"]
[Opening "Sicilian: dragon, Yugoslav attack, 9.Bc4"]
[ECO "B77"]
[NIC "SI.18"]
[Time "11:01:33"]
[PlyCount "51"]
[TimeControl "2400+10"]

1. e4 c5 2. Nf3 d6 3. d4 cxd4 4. Nxd4 Nf6 5. Nc3 g6 6. Be3 Bg7 7. f3 O-O 8.
Qd2 Nc6 9. Bc4 Nxd4 10. Bxd4 Be6 11. Bb3 Qa5 12. O-O-O b5 13. Kb1 b4 14.
Bxe6 fxe6 15. Ne2 Qb5 16. h4 e5 17. Be3 d5 18. Ng3 d4 19. Bh6 a5 20. h5 a4
21. hxg6 hxg6 22. Qg5 Bxh6 23. Qxg6+ Bg7 24. Nf5 Rf7 25. Nh6+ Kf8 26. Qxf7#
{Black checkmated}
1-0

[Event "ICC tourney 3401 (40 10)"]
[Site "Internet Chess Club"]
[Date "2024.03.09"]
[Round "1"]
[White "KONA, VIDIP KUMAR:Vidipkona"]
[Black "MIKAELYAN, ARMAN:Wolverine99"]
[Result "0-1"]
[ICCResult "White resigns"]
[WhiteElo "2060"]
[BlackElo "2592"]
[Opening "Réti opening"]
[ECO "A04"]
[NIC "QP.11"]
[Time "11:00:30"]
[PlyCount "102"]
[TimeControl "2400+10"]

1. Nf3 g6 2. c4 Bg7 3. g3 Nf6 4. Bg2 O-O 5. O-O d6 6. Qc2 c5 7. d3 Nc6 8. a3
Bg4 9. Qd1 Qd7 10. Nc3 Bh3 11. e4 a6 12. Be3 Bxg2 13. Kxg2 Ng4 14. Qe2 Nxe3+
15. fxe3 Rab8 16. Rad1 b5 17. cxb5 axb5 18. d4 c4 19. Nd2 Qb7 20. h4 e6 21.
h5 Ne7 22. hxg6 hxg6 23. Rh1 b4 24. axb4 Qxb4 25. Rb1 Rbc8 26. Qg4 f5 27.
Qh4 Kf7 28. exf5 Nxf5 29. Qf4 Qb7+ 30. Nde4 Kg8 31. Qg5 d5 32. Nf2 Qe7 33.
Qxe7 Nxe7 34. b4 e5 35. dxe5 Bxe5 36. Rbc1 Ra8 37. Nfd1 Nf5 38. Rf1 Bxc3 39.
Rxc3 Ra1 40. g4 Nh4+ 41. Kg1 Rxf1+ 42. Kxf1 Rxd1+ 43. Kf2 Rd2+ 44. Ke1 Nf3+
45. Kf1 Rb2 46. Rc1 Nd2+ 47. Ke1 Ne4 48. Rd1 Rxb4 49. Rxd5 Rb1+ 50. Rd1
Rxd1+ 51. Kxd1 Kf7 {White resigns} 0-1

[Event "ICC tourney 3401 (40 10)"]
[Site "Internet Chess Club"]
[Date "2024.03.09"]
[Round "1"]
[White "Mitrabha, Guha:babysnake"]
[Black "HANKE, HARVEY:ThinkingPanda"]
[Result "1-0"]
[ICCResult "Black checkmated"]
[WhiteElo "2576"]
[BlackElo "2052"]
[Opening "English opening"]
[ECO "A05"]
[NIC "EO.13"]
[Time "11:05:08"]
[PlyCount "75"]
[TimeControl "2400+10"]

1. Nf3 Nf6 2. c4 g6 3. g3 Bg7 4. Bg2 O-O 5. O-O d6 6. d3 e5 7. Nc3 Nc6 8.
Rb1 a5 9. a3 h6 10. b4 axb4 11. axb4 Be6 12. b5 Ne7 13. Bb2 c6 14. bxc6 bxc6
15. c5 d5 16. Nxe5 d4 17. Na4 Qa5 18. Nb6 Qxc5 19. Nxa8 Rxa8 20. Nxc6 Nxc6
21. Rc1 Qb4 22. Bxc6 Ra2 23. Ba1 Nd5 24. Rc4 Qa3 25. Bxd4 Bxd4 26. Bxd5
Bxf2+ 27. Kxf2 Bxd5 28. Rc2 Bb3 29. Rxa2 Bxa2 30. Qc1 Qa7+ 31. Qe3 Qd7 32.
Qxh6 Bd5 33. Rb1 Qc7 34. Qf4 Qa7+ 35. d4 Qd7 36. Rb8+ Kh7 37. Qh4+ Kg7 38.
Qh8# {Black checkmated} 1-0

[Event "ICC tourney 3401 (40 10)"]
[Site "Internet Chess Club"]
[Date "2024.03.09"]
[Round "1"]
[White "Yang, Daniel:danielbest"]
[Black "SANTOS LATASA, JAIME:jsl1996"]
[Result "0-1"]
[ICCResult "White resigns"]
[WhiteElo "2157"]
[BlackElo "2662"]
[Opening "QGD: 4.Nf3"]
[ECO "D37"]
[NIC "QI.01"]
[Time "11:00:18"]
[PlyCount "130"]
[TimeControl "2400+10"]

1. d4 Nf6 2. c4 e6 3. Nf3 d5 4. Nc3 dxc4 5. e3 a6 6. Bxc4 b5 7. Be2 Bb7 8.
O-O Nbd7 9. b3 c5 10. Bb2 Rc8 11. Rc1 Be7 12. a4 b4 13. Nb1 O-O 14. Nbd2 Nd5
15. Nc4 N7f6 16. Bd3 Nc3 17. Bxc3 bxc3 18. Rxc3 Bxf3 19. Qxf3 cxd4 20. exd4
Qxd4 21. Rd1 Qa7 22. Rcc1 Bc5 23. Ne5 Qb6 24. Rc4 a5 25. Rdc1 Rc7 26. Be2
Nd5 27. Nd3 Bd6 28. Rxc7 Bxc7 29. Nb2 Qd4 30. Nc4 Rb8 31. Bf1 Qf4 32. Qxf4
Bxf4 33. Rd1 Bc7 34. Rd3 Kf8 35. Na3 Ke7 36. Nb5 Bb6 37. Rd1 Rc8 38. Bc4 Nf6
39. Nc3 Ng4 40. Ne4 f5 41. h3 Ne5 42. Nd2 g5 43. Kf1 Kf6 44. Ke2 h5 45. Rc1
g4 46. hxg4 hxg4 47. Rh1 Rc6 48. f3 g3 49. Rh3 Ng6 50. Kd1 Nf4 51. Rxg3 Rc8
52. Ke1 Bg1 53. Nf1 Rd8 54. Bb5 Rh8 55. Bc4 Bc5 56. Bb5 Kf7 57. Bc4 Bb4+ 58.
Kf2 Be7 59. Ke3 Bd6 60. Rg5 Kf6 61. Rg3 Bc5+ 62. Kd2 Bf2 63. Kc3 Rd8 64. Kc2
Bxg3 65. Nxg3 Rg8 {White resigns} 0-1

[Event "ICC tourney 3401 (40 10)"]
[Site "Internet Chess Club"]
[Date "2024.03.09"]
[Round "1"]
[White "HSIAO, ETHAN:tashunhsiao"]
[Black "LIU, ERIC CHANG:el008"]
[Result "0-1"]
[ICCResult "White resigns"]
[WhiteElo "2029"]
[BlackElo "2435"]
[Opening "Sicilian: Najdorf, 6.Bg5"]
[ECO "B94"]
[NIC "SI.04"]
[Time "11:01:13"]
[PlyCount "94"]
[TimeControl "2400+10"]

1. e4 c5 2. Nf3 d6 3. d4 cxd4 4. Nxd4 Nf6 5. Nc3 a6 6. Bg5 Nbd7 7. a3 e6 8.
Bc4 Qb6 9. O-O Qc5 10. Bxf6 Nxf6 11. Qd3 b5 12. Bb3 Be7 13. Rad1 O-O 14.
Rfe1 Nd7 15. Qh3 Kh8 16. Re3 Ne5 17. Kh1 Bg5 18. Re2 Bf6 19. f4 Ng6 20. e5
dxe5 21. Ne4 Qc7 22. Nxf6 gxf6 23. fxe5 fxe5 24. Nf3 f6 25. Red2 Qg7 26. Rd8
Ra7 27. Qg4 Rd7 28. R1xd7 Bxd7 29. Rxf8+ Qxf8 30. Qe4 Qd6 31. h3 Bc6 32. Qe3
Nf4 33. c3 Qd3 34. Qf2 Qb1+ 35. Kh2 Qg6 36. g3 Nd3 37. Qe3 Qe4 38. Qxe4 Bxe4
39. Nd2 Bd5 40. Bc2 Nxb2 41. Ne4 Kg7 42. g4 Nc4 43. a4 bxa4 44. Nc5 a3 45.
Bb3 Nd2 46. Nxe6+ Bxe6 47. Bxe6 Ne4 {White resigns} 0-1

[Event "ICC tourney 3401 (40 10)"]
[Site "Internet Chess Club"]
[Date "2024.03.09"]
[Round "1"]
[White "ZHOU, JIANCHAO:TomCruise999"]
[Black "QUIRKE, JEFFREY L:PawnEatingZombi"]
[Result "1-0"]
[ICCResult "Black resigns"]
[WhiteElo "2661"]
[BlackElo "2154"]
[Opening "Réti opening"]
[ECO "A06"]
[NIC "QP.09"]
[Time "11:00:17"]
[PlyCount "71"]
[TimeControl "2400+10"]

1. Nf3 d5 2. e3 Nf6 3. c4 e6 4. b3 Bd6 5. Bb2 b6 6. cxd5 exd5 7. g3 Bb7 8.
Bg2 Nbd7 9. O-O O-O 10. Nc3 a6 11. Rc1 Re8 12. Ne2 c6 13. Rc2 Rc8 14. Qa1
Rc7 15. Rfc1 g6 16. a4 Qe7 17. a5 b5 18. d4 Ne4 19. Nf4 Ndf6 20. Nd3 Nd7 21.
Bc3 f6 22. Be1 Qf8 23. Nd2 Ba3 24. Rd1 Bd6 25. b4 Nxd2 26. Bxd2 Qf7 27. Rdc1
Rec8 28. e4 dxe4 29. Bxe4 f5 30. Bf3 Nf6 31. Bf4 Bxf4 32. Nxf4 Ne4 33. Bxe4
fxe4 34. Rc5 Rd8 35. d5 g5 36. Ne6 {Black resigns} 1-0

[Event "ICC tourney 3401 (40 10)"]
[Site "Internet Chess Club"]
[Date "2024.03.09"]
[Round "1"]
[White "VILA, BRANDON ALEXANDER:Bvila19"]
[Black "Volkov, Sergey:Volkov"]
[Result "0-1"]
[ICCResult "White resigns"]
[WhiteElo "2042"]
[BlackElo "2504"]
[Opening "French: Schlechter variation"]
[ECO "C01"]
[NIC "FR.01"]
[Time "11:00:19"]
[PlyCount "100"]
[TimeControl "2400+10"]

1. e4 e6 2. d4 d5 3. Bd3 dxe4 4. Bxe4 Nf6 5. Bf3 Be7 6. Ne2 O-O 7. O-O c5 8.
Nbc3 cxd4 9. Qxd4 Nc6 10. Qxd8 Rxd8 11. Bf4 Bd7 12. Rfd1 Be8 13. a3 Kf8 14.
Nb5 e5 15. Nc7 exf4 16. Nxa8 Rxa8 17. Nxf4 Rc8 18. c3 Ne5 19. Be2 Bc6 20. a4
a6 21. Nh5 Ne4 22. Ng3 Nc5 23. a5 Nb3 24. Rab1 g6 25. f4 Nd7 26. Bf3 Nf6 27.
Bxc6 Rxc6 28. h3 Rc5 29. Rd3 Rxa5 30. Rbd1 Ra2 31. f5 g5 32. c4 Rxb2 33. Kh1
a5 34. Nf1 Ne4 35. Kh2 Nf2 36. Rd8+ Bxd8 37. Rxd8+ Ke7 38. Rb8 Nc5 39. Ne3
Nfe4 40. Nd5+ Kd6 41. Rd8+ Ke5 42. Ne3 h5 43. Rd5+ Kf6 44. Nd1 Rd2 45. Rxd2
Nxd2 46. g4 hxg4 47. hxg4 Nxc4 48. Nc3 Ke5 49. Kg3 Ne4+ 50. Nxe4 Kxe4
{White resigns}
0-1

[Event "ICC tourney 3401 (40 10)"]
[Site "Internet Chess Club"]
[Date "2024.03.09"]
[Round "1"]
[White "CARBERRY, KENNETH:TheBull"]
[Black "YANG, LEFAN:cutefelix"]
[Result "0-1"]
[ICCResult "White resigns"]
[WhiteElo "1968"]
[BlackElo "2233"]
[Opening "Queen's pawn"]
[ECO "A40"]
[NIC "QO.17"]
[Time "11:00:21"]
[PlyCount "74"]
[TimeControl "2400+10"]

1. d4 e6 2. Nf3 f5 3. Bf4 Nf6 4. c4 b6 5. Nc3 Bb7 6. e3 Bb4 7. Qb3 Bxc3+ 8.
bxc3 d6 9. Be2 Ne4 10. h3 Nd7 11. c5 Qe7 12. cxd6 cxd6 13. O-O g5 14. Bh2 h5
15. Rfc1 g4 16. Ne1 gxh3 17. f3 Ng5 18. Nd3 Rg8 19. Nf4 hxg2 20. e4 fxe4 21.
fxe4 Bxe4 22. Bxh5+ Kd8 23. Re1 Nf6 24. Be2 Nd5 25. c4 Nxf4 26. Bxf4 Qh7 27.
Bxg5+ Rxg5 28. Bf3 Bxf3 29. Qxf3 Kc7 30. Qxa8 Qh1+ 31. Kf2 g1=Q+ 32. Rxg1
Rf5+ 33. Ke3 Qxa8 34. Rg7+ Kc6 35. d5+ exd5 36. cxd5+ Rxd5 37. Rc1+ Rc5
{White resigns}
0-1

[Event "ICC tourney 3401 (40 10)"]
[Site "Internet Chess Club"]
[Date "2024.03.09"]
[Round "1"]
[White "DENG, HENRY:SuperPuzzler"]
[Black "GE, WILLIAM:william20110204"]
[Result "1-0"]
[ICCResult "Black resigns"]
[WhiteElo "2315"]
[BlackElo "1981"]
[Opening "Giuoco Pianissimo: Italian four knights variation"]
[ECO "C50"]
[NIC "IG.02"]
[Time "11:00:18"]
[PlyCount "131"]
[TimeControl "2400+10"]

1. e4 e5 2. Nf3 Nc6 3. Bc4 Bc5 4. Nc3 Nf6 5. d3 d6 6. Na4 Bb6 7. a3 O-O 8.
h3 h6 9. O-O Re8 10. Nxb6 axb6 11. Be3 Be6 12. Bxe6 Rxe6 13. c4 Ne7 14. Qc2
Ng6 15. Rfe1 Qe7 16. b4 Nh5 17. Kh2 Qf6 18. Ng1 Ree8 19. g3 Qd8 20. Ne2 Kh8
21. Nc3 Nf6 22. Ra2 c6 23. Na4 Nd7 24. Rea1 Ne7 25. Nc3 Nf6 26. a4 d5 27.
Ne2 d4 28. Bd2 c5 29. b5 Nd7 30. a5 bxa5 31. Bxa5 b6 32. Bd2 Rxa2 33. Qxa2
Qc7 34. Qa7 Rc8 35. f4 f6 36. Qa3 Ng6 37. Qc1 Kh7 38. Ra2 Rb8 39. Qa1 Ne7
40. f5 Nc8 41. Kg2 Rb7 42. Ra8 Ra7 43. Rxa7 Qxa7 44. Qxa7 Nxa7 45. g4 Nc8
46. h4 Nd6 47. Kf3 Nf7 48. Ng1 Kg8 49. Nh3 Kf8 50. g5 hxg5 51. hxg5 Kg8 52.
Kg4 fxg5 53. Bxg5 Nf6+ 54. Kf3 Nd6 55. Nf2 Nde8 56. Bh4 Kf7 57. Bg3 Nd7 58.
Ng4 Nef6 59. Nxe5+ Nxe5+ 60. Bxe5 Nd7 61. Bd6 g6 62. Kf4 gxf5 63. Kxf5 Nf6
64. e5 Ne8 65. e6+ Kg7 66. Ke5 {Black resigns} 1-0

[Event "ICC tourney 3401 (40 10)"]
[Site "Internet Chess Club"]
[Date "2024.03.09"]
[Round "2"]
[White "LIU, ERIC CHANG:el008"]
[Black "ZHOU, JIANCHAO:TomCruise999"]
[Result "1/2-1/2"]
[ICCResult "Game drawn by repetition"]
[WhiteElo "2435"]
[BlackElo "2661"]
[Opening "Sicilian: Najdorf"]
[ECO "B90"]
[NIC "SI.14"]
[Time "13:15:41"]
[PlyCount "43"]
[TimeControl "2400+10"]

1. e4 c5 2. Nf3 d6 3. d4 cxd4 4. Nxd4 Nf6 5. Nc3 a6 6. f3 e5 7. Nb3 Be6 8.
Be3 Be7 9. Qd2 O-O 10. O-O-O Nbd7 11. g4 b5 12. Nd5 Bxd5 13. exd5 Nb6 14.
Na5 Nfxd5 15. Nc6 Qc7 16. Nxe7+ Qxe7 17. Bxb6 Nxb6 18. Qxd6 Qg5+ 19. Qd2 Qe7
20. Qd6 Qg5+ 21. Qd2 Qe7 22. Qd6 {Game drawn by repetition} 1/2-1/2

[Event "ICC tourney 3401 (40 10)"]
[Site "Internet Chess Club"]
[Date "2024.03.09"]
[Round "2"]
[White "GE, WILLIAM:william20110204"]
[Black "KONA, VIDIP KUMAR:Vidipkona"]
[Result "0-1"]
[ICCResult "White resigns"]
[WhiteElo "1981"]
[BlackElo "2060"]
[Opening "Caro-Kann defense"]
[ECO "B15"]
[NIC "CK.05"]
[Time "13:15:30"]
[PlyCount "60"]
[TimeControl "2400+10"]

1. e4 c6 2. d4 d5 3. Nc3 a6 4. Nf3 Bg4 5. Be2 e6 6. exd5 cxd5 7. h3 Bxf3 8.
Bxf3 Nc6 9. Bf4 Nf6 10. O-O Bd6 11. Bxd6 Qxd6 12. Qd2 h5 13. Ne2 O-O-O 14.
c3 Rdg8 15. g3 g5 16. Bg2 Ne4 17. Bxe4 dxe4 18. b4 Ne5 19. Qc2 Nf3+ 20. Kg2
f5 21. Ng1 h4 22. Qe2 g4 23. hxg4 hxg3 24. Nxf3 exf3+ 25. Qxf3 Rh2+ 26. Kg1
gxf2+ 27. Rxf2 Rh4 28. Rg2 Rhxg4 29. Rxg4 Rxg4+ 30. Kf2 Rf4 {White resigns}
0-1

[Event "ICC tourney 3401 (40 10)"]
[Site "Internet Chess Club"]
[Date "2024.03.09"]
[Round "2"]
[White "SANTOS LATASA, JAIME:jsl1996"]
[Black "DENG, HENRY:SuperPuzzler"]
[Result "1-0"]
[ICCResult "Black resigns"]
[WhiteElo "2662"]
[BlackElo "2315"]
[Opening "QGD Slav: 4.e3 Bf5"]
[ECO "D12"]
[NIC "SL.01"]
[Time "13:15:41"]
[PlyCount "101"]
[TimeControl "2400+10"]

1. d4 d5 2. c4 c6 3. Nf3 Nf6 4. e3 Bf5 5. Nc3 e6 6. Nh4 Bg6 7. Qb3 Qc7 8.
Nxg6 hxg6 9. g3 Nbd7 10. Bg2 Bd6 11. O-O dxc4 12. Qxc4 e5 13. dxe5 Nxe5 14.
Qe2 O-O 15. f4 Ned7 16. e4 Bc5+ 17. Kh1 Rfe8 18. e5 Nb6 19. Qc2 Nfd7 20. Ne4
Be7 21. b3 Rad8 22. Bb2 Nd5 23. Rae1 Nf8 24. f5 gxf5 25. Rxf5 Bb4 26. Re2
Ne6 27. Ng5 Nxg5 28. Rxg5 Be7 29. Rh5 g6 30. e6 Nf6 31. Rg5 Rf8 32. exf7+
Rxf7 33. Qxg6+ Kf8 34. Bxf6 Rd1+ 35. Bf1 Ke8 36. Rxe7+ Qxe7 37. Bxe7 Rxf1+
38. Kg2 Rf2+ 39. Kh3 Kxe7 40. Rh5 R2f6 41. Qe4+ Kd7 42. Rh7 Kc7 43. Rxf7+
Rxf7 44. g4 Kb6 45. g5 Kb5 46. Qc4+ Ka5 47. Qxf7 Kb4 48. g6 Ka3 49. Qxb7 Kb2
50. Qxa7 Ka1 51. Qf2 {Black resigns} 1-0

[Event "ICC tourney 3401 (40 10)"]
[Site "Internet Chess Club"]
[Date "2024.03.09"]
[Round "2"]
[White "MIKAELYAN, ARMAN:Wolverine99"]
[Black "LU, YIDING:gooodguy"]
[Result "1-0"]
[ICCResult "Black resigns"]
[WhiteElo "2592"]
[BlackElo "2171"]
[Opening "QGD: exchange, positional line"]
[ECO "D35"]
[NIC "QO.16"]
[Time "13:17:04"]
[PlyCount "93"]
[TimeControl "2400+10"]

1. d4 Nf6 2. c4 e6 3. Nc3 d5 4. cxd5 exd5 5. Bg5 Be7 6. e3 c6 7. Bd3 Nbd7 8.
Nf3 h6 9. Bf4 Nh5 10. Be5 Nhf6 11. O-O O-O 12. Qc2 Nxe5 13. dxe5 Nd7 14. e4
d4 15. Ne2 c5 16. b4 cxb4 17. Bc4 Qb6 18. Nexd4 Nxe5 19. Nxe5 Qxd4 20. Ng6
Re8 21. Bb5 Bg4 22. Bxe8 Rxe8 23. Nxe7+ Rxe7 24. h3 Bh5 25. Rfe1 Re6 26.
Qc8+ Kh7 27. Rac1 b6 28. Qc4 Rd6 29. Qxd4 Rxd4 30. f4 f5 31. exf5 Rxf4 32.
g4 Bf7 33. Rc7 Bxa2 34. Ree7 a5 35. Rxg7+ Kh8 36. Rh7+ Kg8 37. Rhd7 Kh8 38.
Rd8+ Bg8 39. Rcc8 b3 40. Rxg8+ Kh7 41. Rge8 Kg7 42. Rc7+ Kf6 43. Re6+ Kg5
44. Rg7+ Kh4 45. Kg2 h5 46. Rh6 Rxf5 47. gxf5 {Black resigns} 1-0

[Event "ICC tourney 3401 (40 10)"]
[Site "Internet Chess Club"]
[Date "2024.03.09"]
[Round "2"]
[White "YANG, LEFAN:cutefelix"]
[Black "Mitrabha, Guha:babysnake"]
[Result "1-0"]
[ICCResult "Black resigns"]
[WhiteElo "2233"]
[BlackElo "2576"]
[Opening "Benoni defense"]
[ECO "A61"]
[NIC "BI.38"]
[Time "13:17:39"]
[PlyCount "109"]
[TimeControl "2400+10"]

1. d4 Nf6 2. c4 c5 3. d5 e6 4. Nc3 d6 5. e4 g6 6. Be2 Bg7 7. Be3 O-O 8. Nf3
exd5 9. cxd5 Na6 10. Nd2 Nc7 11. O-O Rb8 12. a4 a6 13. a5 Re8 14. h3 Bd7 15.
Qb3 Nb5 16. Bxb5 axb5 17. Nxb5 Nxe4 18. Nxe4 Rxe4 19. Nxd6 Rb4 20. Qc2 Bxh3
21. gxh3 Qxd6 22. Qxc5 Qxc5 23. Bxc5 Rxb2 24. Rab1 Rc2 25. Bb6 Bf8 26. Rfc1
Rbc8 27. Rxc2 Rxc2 28. Be3 Rc7 29. Kg2 Rd7 30. Rb5 f5 31. Kf3 Kf7 32. Bf4
Be7 33. Ke3 Bf6 34. Kd3 g5 35. Be3 h5 36. Bd4 h4 37. Rb6 Bd8 38. Rb5 g4 39.
Be5 gxh3 40. Kd4 Bf6 41. Rb3 Bd8 42. Rxh3 Bxa5 43. Rxh4 Kg6 44. d6 Bb6+ 45.
Kd5 Bxf2 46. Rh2 Be3 47. Ke6 Rd8 48. Rg2+ Kh7 49. d7 f4 50. Bc7 Rf8 51. d8=Q
Rxd8 52. Bxd8 f3 53. Rg3 f2 54. Rf3 Kg6 55. Bh4 {Black resigns} 1-0

[Event "ICC tourney 3401 (40 10)"]
[Site "Internet Chess Club"]
[Date "2024.03.09"]
[Round "2"]
[White "GU, CRYSTAL JIUZHOU:fantasymoon"]
[Black "MARKOVIC, GORAN:Goran21"]
[Result "0-1"]
[ICCResult "White resigns"]
[WhiteElo "2083"]
[BlackElo "2006"]
[Opening "Giuoco Piano"]
[ECO "C54"]
[NIC "IG.02"]
[Time "13:16:35"]
[PlyCount "148"]
[TimeControl "2400+10"]

1. e4 e5 2. Nf3 Nc6 3. Bc4 Bc5 4. c3 Nf6 5. d3 h6 6. O-O O-O 7. Nbd2 a6 8.
h3 d5 9. exd5 Nxd5 10. Ne4 Ba7 11. Bxh6 b5 12. Bxd5 Qxd5 13. Qd2 Qe6 14. Be3
Qg6 15. Kh2 f5 16. Neg5 Bb8 17. Rfe1 Rd8 18. Qe2 Qd6 19. g3 Bd7 20. Nh4 Rf8
21. Bc5 Qh6 22. Bxf8 Qxg5 23. Bc5 f4 24. Rg1 e4 25. Bd4 Nxd4 26. cxd4 e3 27.
Qf3 c6 28. Kg2 exf2 29. Rgf1 fxg3 30. Qe4 Bd6 31. Nf3 Qh5 32. Qh4 Qd5 33.
Qe4 Qh5 34. Qh4 Qg6 35. Ne5 Bxe5 36. dxe5 Qxd3 37. Qxg3 Qd5+ 38. Kh2 Rf8 39.
Rad1 Qe6 40. Rd2 Re8 41. Rdxf2 Qxa2 42. Rg1 Re7 43. Qf4 Qe6 44. Qg3 c5 45.
Rgf1 Kh7 46. Rf4 Qxe5 47. Rh4+ Kg8 48. Qxe5 Rxe5 49. Rd1 Bf5 50. Rd2 c4 51.
Rf4 g6 52. Rff2 Re3 53. Rfe2 Rxh3+ 54. Kg2 Kg7 55. Rd6 Rb3 56. Rc6 a5 57.
Rc7+ Kh6 58. Ra7 a4 59. Rae7 Kg5 60. R7e3 Bd3 61. Re1 Rxb2+ 62. Kg3 Bf5 63.
Re5 a3 64. Ra1 a2 65. Rc5 Kf6 66. Rc6+ Ke5 67. Rc7 Bb1 68. Rc8 Kd4 69. Rd8+
Kc3 70. Rf8 Rd2 71. Rf3+ Rd3 72. Rxd3+ cxd3 73. Kf2 d2 74. Ke2 Kc2
{White resigns}
0-1

[Event "ICC tourney 3401 (40 10)"]
[Site "Internet Chess Club"]
[Date "2024.03.09"]
[Round "2"]
[White "QUIRKE, JEFFREY L:PawnEatingZombi"]
[Black "HSIAO, ETHAN:tashunhsiao"]
[Result "1/2-1/2"]
[ICCResult "Game drawn by repetition"]
[WhiteElo "2154"]
[BlackElo "2029"]
[Opening "QGA: classical, 6...a6"]
[ECO "D27"]
[NIC "QG.07"]
[Time "13:17:39"]
[PlyCount "75"]
[TimeControl "2400+10"]

1. d4 d5 2. c4 dxc4 3. Nf3 Nf6 4. e3 e6 5. Bxc4 c5 6. O-O a6 7. Re1 Nc6 8.
Bd3 Be7 9. Nc3 O-O 10. dxc5 Bxc5 11. a3 e5 12. b4 Ba7 13. Bb2 Bg4 14. Ne4
Qe7 15. Nxf6+ Qxf6 16. Be4 Rfd8 17. Qb1 Bxf3 18. Bxf3 Rd2 19. Bc3 Rd6 20.
Qb2 Qf5 21. Red1 Rg6 22. Be2 h5 23. Bf1 Re8 24. a4 e4 25. b5 Ne5 26. Bxe5
Rxe5 27. Rd8+ Kh7 28. Rc1 Bc5 29. Rcd1 axb5 30. axb5 Be7 31. R8d7 b6 32. Qb3
h4 33. R7d5 Qe6 34. Bc4 Qh3 35. Bf1 Qe6 36. Bc4 Qh3 37. Bf1 Qe6 38. Bc4
{Game drawn by repetition}
1/2-1/2

[Event "ICC tourney 3401 (40 10)"]
[Site "Internet Chess Club"]
[Date "2024.03.09"]
[Round "2"]
[White "HANKE, HARVEY:ThinkingPanda"]
[Black "CARBERRY, KENNETH:TheBull"]
[Result "0-1"]
[ICCResult "White forfeits on time"]
[WhiteElo "2052"]
[BlackElo "1968"]
[Opening "Sicilian: closed"]
[ECO "B23"]
[NIC "SI.44"]
[Time "13:15:33"]
[PlyCount "52"]
[TimeControl "2400+10"]

1. e4 c5 2. Nc3 e6 3. f4 g6 4. Nf3 Bg7 5. d4 cxd4 6. Nxd4 Ne7 7. Ndb5 d5 8.
exd5 a6 9. d6 axb5 10. Nxb5 O-O 11. dxe7 Qxe7 12. Qd6 Qh4+ 13. g3 Qf6 14.
Bg2 Rd8 15. Qb4 Nc6 16. Qc4 Nd4 17. O-O Qf5 18. Nxd4 Bxd4+ 19. Kh1 Ra6 20.
Rd1 Rad6 21. c3 b5 22. Qe2 Ba7 23. Rxd6 Rxd6 24. Be3 Bxe3 25. Qxe3 Qc2 26.
Rg1 Rd2 {White forfeits on time} 0-1

[Event "ICC tourney 3401 (40 10)"]
[Site "Internet Chess Club"]
[Date "2024.03.09"]
[Round "2"]
[White "Volkov, Sergey:Volkov"]
[Black "RAMKUMAR, NIKHIL:nikhilramkumar"]
[Result "1-0"]
[ICCResult "Black resigns"]
[WhiteElo "2504"]
[BlackElo "1829"]
[Opening "QGD: exchange, positional line"]
[ECO "D35"]
[NIC "QO.16"]
[Time "13:15:35"]
[PlyCount "103"]
[TimeControl "2400+10"]

1. d4 d5 2. c4 e6 3. Nc3 Nf6 4. cxd5 exd5 5. Bg5 Be7 6. e3 c6 7. Qc2 Be6 8.
Bd3 h6 9. Bf4 Nbd7 10. h3 Rc8 11. Nge2 a6 12. O-O O-O 13. Rfd1 Qb6 14. Rac1
Qa7 15. Bf5 Rfd8 16. Bxe6 fxe6 17. Bxh6 gxh6 18. Qg6+ Kh8 19. Qxh6+ Nh7 20.
Qxe6 Bf6 21. e4 Ndf8 22. Qf5 dxe4 23. Nxe4 Rc7 24. d5 Rf7 25. Nf4 b5 26.
Nxf6 Rxf6 27. Qe5 cxd5 28. Rc6 Qb8 29. Qxb8 Rxb8 30. Rxf6 Nxf6 31. Nxd5 Nxd5
32. Rxd5 Re8 33. Kf1 Rc8 34. Rd2 Ne6 35. g3 Kg7 36. h4 a5 37. Kg2 b4 38. b3
Rc3 39. Rd7+ Kf6 40. Ra7 Rc5 41. Ra6 Ke7 42. g4 Nf4+ 43. Kf3 Nd3 44. g5 Nc1
45. Kg4 Nxa2 46. h5 Nc1 47. h6 Nxb3 48. h7 Rc8 49. g6 Nc5 50. Ra7+ Kf6 51.
g7 Ne6 52. g8=Q {Black resigns} 1-0

[Event "ICC tourney 3401 (40 10)"]
[Site "Internet Chess Club"]
[Date "2024.03.09"]
[Round "2"]
[White "VILA, BRANDON ALEXANDER:Bvila19"]
[Black "Yang, Daniel:danielbest"]
[Result "0-1"]
[ICCResult "White resigns"]
[WhiteElo "2042"]
[BlackElo "2157"]
[Opening "Sicilian: Canal-Sokolsky (Nimzovich-Rossolimo, Moscow) attack"]
[ECO "B51"]
[NIC "SI.01"]
[Time "13:15:32"]
[PlyCount "104"]
[TimeControl "2400+10"]

1. e4 c5 2. Nf3 d6 3. Bb5+ Nd7 4. c3 Nf6 5. Qe2 a6 6. Ba4 e5 7. d4 b5 8. Bc2
Be7 9. O-O O-O 10. Rd1 Qc7 11. a4 Rb8 12. d5 c4 13. Nbd2 Nc5 14. Nf1 Bd7 15.
axb5 axb5 16. Ng3 Rfe8 17. h3 b4 18. Bd2 b3 19. Bb1 Bb5 20. Nf5 Bf8 21. Bg5
Nfd7 22. Nh2 h6 23. Bc1 Kh7 24. Qf3 Qd8 25. Ng4 Rb7 26. g3 h5 27. Nge3 Nf6
28. g4 g6 29. g5 Ng8 30. Ng3 h4 31. Ne2 Qxg5+ 32. Kh2 Qf6 33. Qxf6 Nxf6 34.
f3 Be7 35. Ng2 Nfd7 36. Be3 Na4 37. Rd2 Ndc5 38. f4 exf4 39. Nexf4 Bf6 40.
Bxc5 Nxc5 41. Re2 g5 42. Nh5 Be5+ 43. Kg1 Kh6 44. Ne3 Kxh5 45. Nf5 Kg6 46.
Ra5 Bd7 47. Kg2 Bxf5 48. exf5+ Kf6 49. Kf3 Rbe7 50. Kg4 Bf4 51. Rxe7 Rxe7
52. Ra8 Re1 {White resigns} 0-1

[Event "ICC tourney 3401 (40 10)"]
[Site "Internet Chess Club"]
[Date "2024.03.09"]
[Round "3"]
[White "ZHOU, JIANCHAO:TomCruise999"]
[Black "OPASKA, MICHAEL:mopaska1106"]
[Result "1-0"]
[ICCResult "Black resigns"]
[WhiteElo "2661"]
[BlackElo "2039"]
[Opening "Réti: King's Indian attack"]
[ECO "A08"]
[NIC "QP.09"]
[Time "15:31:41"]
[PlyCount "47"]
[TimeControl "2400+10"]

1. Nf3 d5 2. g3 c5 3. Bg2 g6 4. c4 Nf6 5. cxd5 Nxd5 6. O-O Bg7 7. Nc3 O-O 8.
Qa4 Nc6 9. Qc4 Nxc3 10. dxc3 Qa5 11. Be3 b6 12. Ng5 Bb7 13. Qh4 h5 14. g4
Qa4 15. f4 Qc2 16. gxh5 gxh5 17. Qxh5 Qg6 18. Qxg6 fxg6 19. Bd5+ Kh8 20. Rf3
Bh6 21. Rh3 Kg7 22. Ne6+ Kh7 23. Nxf8+ Rxf8 24. f5 {Black resigns} 1-0

[Event "ICC tourney 3401 (40 10)"]
[Site "Internet Chess Club"]
[Date "2024.03.09"]
[Round "3"]
[White "Volkov, Sergey:Volkov"]
[Black "SANTOS LATASA, JAIME:jsl1996"]
[Result "1-0"]
[ICCResult "Black resigns"]
[WhiteElo "2504"]
[BlackElo "2662"]
[Opening "QGD: Ragozin variation"]
[ECO "D38"]
[NIC "NI.27"]
[Time "15:30:07"]
[PlyCount "119"]
[TimeControl "2400+10"]

1. d4 Nf6 2. c4 e6 3. Nf3 d5 4. Nc3 Bb4 5. Qa4+ Nc6 6. e3 O-O 7. Qc2 b6 8.
a3 Bxc3+ 9. Qxc3 Ba6 10. b3 Na5 11. Nd2 dxc4 12. bxc4 Rc8 13. a4 Nb7 14. a5
Nxa5 15. Ba3 c5 16. dxc5 Re8 17. Be2 Nd7 18. Ne4 Bb7 19. c6 Bxc6 20. Nd6 Qg5
21. Rg1 Qh4 22. h3 Nf6 23. Qd4 Ne4 24. g3 Qh6 25. Nxe4 Nb3 26. Qc3 Nxa1 27.
Nd6 Qxh3 28. Qxa1 Qh2 29. Rf1 Bg2 30. Bb2 Bxf1 31. Bxf1 Qh6 32. Qxa7 Qg6 33.
Bd3 Ra8 34. Qc7 Qh5 35. Nxe8 Qa5+ 36. Ke2 Rxe8 37. Qe5 Qxe5 38. Bxe5 Rc8 39.
Bd4 Rc6 40. f4 f6 41. e4 Kf7 42. e5 f5 43. Kd2 h6 44. Kc3 g5 45. Be2 Kg6 46.
Bf3 Rc8 47. Bxb6 h5 48. c5 h4 49. gxh4 gxh4 50. Bb7 Rh8 51. c6 h3 52. c7 h2
53. Kb4 Kf7 54. Kb5 Ke7 55. Bc6 Kf7 56. Ka6 Kg6 57. Kb7 Kh5 58. Bf3+ Kh4 59.
Bf2+ Kh3 60. c8=Q {Black resigns} 1-0